 Dungeon Crawl Stone Soup version 0.31.0-11-ge490571c62 (webtiles) character file.

Game seed: 622113030448774228

18 Flugkiller the Trooper (level 2, 27/27 HPs)
             Began as a Minotaur Fighter on Jan 29, 2024.
             Was a High Priest of Ignis.
             Quit the game on level 1 of the Dungeon.
             The game lasted 00:00:14 (274 turns).

Flugkiller the Trooper (Minotaur Fighter)            Turns: 274, Time: 00:00:15

Health: 27/27      AC:  7    Str: 20    XL:     2   Next: 51%
Magic:  1/1        EV:  9    Int:  5    God:    Ignis [*****.]
Gold:   1          SH:  4    Dex:  9    Spells: 1/1 levels left

rFire   + . .        a - +0 war axe
rCold   . . .        c - +0 buckler
rNeg    . . .        b - +0 scale mail
rPois   .            (helmet restricted)
rElec   .            (no cloak)
rCorr   .            (no gloves)
SInv    .            (no boots)
Will    .....        (no amulet) Stlth
                     (no ring)
HPRegen 0.24/turn    (no ring)
MPRegen 0.07/turn

%: no passive effects
@: no status effects
A: horns 2, retaliatory headbutt
a: Renounce Religion, Fiery Armour, Foxfire Swarm, Rising Flame


You were on level 1 of the Dungeon.
You worshipped Ignis.
Ignis was extremely pleased with you.
You visited 1 branch of the dungeon, and saw 1 of its levels.

You collected 1 gold pieces.

Inventory:

Hand Weapons
 a - a +0 war axe (weapon)
Armour
 b - a +0 scale mail (worn)
 c - a +0 buckler (worn)
Scrolls
 e - a scroll of blinking {unknown}
 f - a scroll of fear {unknown}
 g - a scroll of enchant armour {unknown}
 h - a scroll of teleportation {unknown}
Potions
 d - a potion of might


   Skills:
 * Level 4.0 Fighting
 * Level 3.0 Axes
 + Level 3.8 Armour
 + Level 3.8 Shields


You had one spell level left.
You didn't know any spells.
Your spell library contained the following spells:

 Spells                   Type           Power      Damage    Failure   Level
 Lesser Beckoning         Tloc           0%         N/A       95%         2
 Gell's Gravitas          Tloc           0%         N/A       99%         3
 Teleport Other           Tloc           0%         N/A       99%         3


Dungeon Overview and Level Annotations

Branches:
Dungeon (1/15)

Altars:
Ignis


Innate Abilities, Weirdness & Mutations

You have a pair of horns on your head.
You reflexively headbutt those who attack you in melee.


Message History

The ball python constricts you.
A ball python is nearby!
You closely miss the ball python. The ball python barely misses you.
The ball python constricts you.
A ball python is nearby!
You slash the ball python!
You kill the ball python!
Things that are here:
a +0 short sword; a kobold corpse
Found a faded altar of an unknown god.
No target in view!
You enter the shallow water.
Moving in this stuff is going to be slow.
Found an escape hatch in the floor.
You now have 1 gold piece.
There is a faded altar of an unknown god here.
You enter the shallow water.
Moving in this stuff is going to be slow.
Found a stone staircase leading down.
No target in view!
No target in view!
No target in view!
No target in view!
There is a faded altar of an unknown god here.
This altar belongs to (a) Ru, (b) Ignis or (c) Uskayaw, but you can't tell which.
Press the corresponding letter to learn more about a god, or press enter to convert or escape to cancel.
Okay, then.
You enter the shallow water.
Moving in this stuff is going to be slow.
A frilled lizard comes into view.
The frilled lizard hisses angrily.
A bat comes into view.
There are monsters nearby!
There are monsters nearby!
You block the bat's attack.
You hit the bat. Your headbutt misses the bat.
The bat is severely wounded.
The bat hits you but does no damage. The bat hits you.
The frilled lizard bites you but does no damage.
You miss the frilled lizard. The bat closely misses you.
You furiously retaliate!
You headbutt the bat, but do no damage. The frilled lizard bites you.
You barely miss the bat.
The bat is moderately wounded.
You barely miss the frilled lizard. The bat hits you but does no damage.
The frilled lizard barely misses you. The bat hits you but does no damage.
The frilled lizard barely misses you.
You closely miss the bat. Your headbutt misses the bat.
The bat is moderately wounded.
You miss the frilled lizard. The bat closely misses you.
The frilled lizard barely misses you.
You barely miss the bat. Your headbutt misses the bat.
The bat is moderately wounded.
You barely miss the frilled lizard. The bat hits you but does no damage. x2
The frilled lizard bites you but does no damage.
You closely miss the frilled lizard. The bat hits you but does no damage.
The frilled lizard barely misses you.
The frilled lizard bites you but does no damage.
You closely miss the frilled lizard. The bat hits you.
The frilled lizard closely misses you.
There are monsters nearby!
You barely miss the bat. You headbutt the bat.
You kill the bat!
You slash the frilled lizard!
You kill the frilled lizard!
There is an escape hatch in the floor here.
You see here a bat corpse.
A goblin comes into view. It is wielding a +0 club.
A goblin is nearby!
A goblin is nearby!
The goblin barely misses you.
You closely miss the goblin. The goblin hits you but does no damage.
You block the goblin's attack.
You completely miss the goblin. The goblin hits you but does no damage.
You barely miss the goblin. You block the goblin's attack.
The goblin misses you.
You hit the goblin.
The goblin is almost dead.
You block the goblin's attack.
A goblin is nearby!
You hit the goblin but do no damage. You headbutt the goblin.
You kill the goblin!
A goblin comes into view. It is wielding a +0 dagger.
The goblin shouts!
The goblin closely misses you.
A goblin is nearby!
You completely miss the goblin. Your headbutt misses the goblin.
The goblin hits you but does no damage. The goblin closely misses you.
You slash the goblin!
You kill the goblin!
Your Axes skill increases to level 3!
No target in view!
No target in view!
No target in view!
You enter the shallow water.
Moving in this stuff is going to be slow.
There is a faded altar of an unknown god here.
This altar belongs to (a) Ru, (b) Ignis or (c) Uskayaw, but you can't tell which.
Press the corresponding letter to learn more about a god, or press enter to convert or escape to cancel.
Ignis accepts your prayer! Ignis welcomes you!
Are you sure you want to abandon this character and quit the game? (Confirm with "yes".)

## #. #. # ###### #. .####
####....##. ####.#..
######.....#...###.......
#......~~~.##.........)..
########.###..~@~.##...>#.#.##..
#.............~~~..........## .
#.######.###......##.>.##.#)....
#.# #........#####.#####.###.
#.# ########## #.# .# #.# #.# ..
#.# #.. .. #.# #### ..#
#.########. .##


There were no monsters in sight!

Vanquished Creatures
  An endoplasm (D:1)
  3 goblins (D:1)
  4 jackals (D:1)
  3 ball pythons (D:1)
  A bat (D:1)
  2 frilled lizards (D:1)
  2 kobolds (D:1)
  A rat (D:1)
17 creatures vanquished.

Notes
Turn   | Place    | Note
-------+----------+-------------------------------------------
     0 | D:1      | Flugkiller the Minotaur Fighter began the quest for the
                  | Orb.
     0 | D:1      | Reached XP level 1. HP: 19/19 MP: 0/0
    78 | D:1      | Reached XP level 2. HP: 24/27 MP: 1/1
   150 | D:1      | Reached skill level 4 in Fighting
   214 | D:1      | Found a faded altar of an unknown god.
   273 | D:1      | Prayed at the altar of an unknown god.
   273 | D:1      | Became a worshipper of Ignis, the Dying Flame
   274 | D:1      | Quit the game

Illustrated notes

Levels and vault maps discovered:
D:1:      dpeg_arrival_rooms_a, layout_loops_ring,
          hellmonk_ecumenical_altar_pennies_from_heaven

Skill      XL: |  1  2 |
---------------+-------+-----
Fighting       | 4 |  4.0
Axes           | 3 |  3.0
Armour         | |  3.8
Shields        | |  3.8

Action                     || total
---------------------------++-------
  Melee: War axe           ||    43
         Headbutt          ||     4
 Armour: Scale mail        ||    38
  Dodge: Dodged            ||    22
  Block: Buckler           ||     8
